 Dungeon Crawl Stone Soup version 0.30-a0-1160-g6e42c06551 (webtiles) character file.

Game seed: 13894771235440188669

6584 jasper the Thaumaturge (level 10, -8/49 HPs)
             Began as a Spriggan Conjurer on Apr 25, 2023.
             Was a Priest of Sif Muna.
             Shot with an arrow by a centaur warrior (28 damage)
             ... on level 9 of the Dungeon.
             The game lasted 00:18:24 (9814 turns).

jasper the Thaumaturge (Spriggan Conjurer)          Turns: 9814, Time: 00:18:25

Health: -8/49      AC:  5    Str:  3    XL:     10   Next: 71%
Magic:  4/23       EV: 20    Int: 29    God:    Sif Muna [***...]
Gold:   269        SH:  0    Dex: 15    Spells: 5/26 levels left

rFire   . . .        b - +2 flail (drain)
rCold   . . .        (no shield)
rNeg    . . .        t - +0 steam dragon scales
rPois   .            (helmet restricted)
rElec   .            (no cloak)
rCorr   .            (gloves unavailable)
SInv    +            (boots unavailable)
Will    +....        l - amulet of regeneration
Stlth   ++++         d - +6 ring of intelligence
HPRegen 1.08/turn    (no ring)
MPRegen 0.18/turn

%: no passive effects
@: very quick
A: very small, no large weapons, unfitting armour, see invisible, speed 3
a: Renounce Religion, Channel Magic, Forget Spell


You were on level 9 of the Dungeon.
You worshipped Sif Muna.
Sif Muna was most pleased with you.
You visited 2 branches of the dungeon, and saw 10 of its levels.

You collected 656 gold pieces.
You spent 387 gold pieces at shops.

Inventory:

Hand Weapons
 b - a +2 flail of draining (weapon)
Missiles
 c - 21 poisoned darts
 B - a throwing net
 G - a curare-tipped dart
Armour
 a - a +1 robe
 n - a +1 robe of cold resistance
 t - +0 steam dragon scales (worn)
 I - the +0 robe of Privacy {Str+5}
   (You bought it in a shop on level 9 of the Dungeon)

   Str:       It affects your strength (+5).
Jewellery
 d - a +6 ring of intelligence (left hand)
 l - an amulet of regeneration (around neck)
Wands
 p - a wand of flame (16)
 s - a wand of mindburst (4)
 A - a wand of roots (2)
 J - a wand of charming (2)
Scrolls
 e - 5 scrolls of teleportation
 i - 2 scrolls of immolation
 j - 5 scrolls of identify
 m - a scroll of enchant armour
 q - 4 scrolls of fog
 r - 3 scrolls of amnesia
 u - a scroll of butterflies
 y - 2 scrolls of vulnerability {unknown}
 F - a scroll of enchant weapon
 H - a scroll of magic mapping
Potions
 f - 4 potions of heal wounds
 g - 3 potions of brilliance
 h - 6 potions of curing
 k - a potion of attraction
 o - a potion of flight
 v - a potion of mutation
 w - 2 potions of haste
 x - a potion of ambrosia
 z - 2 potions of resistance
 C - a potion of might
 D - 2 potions of invisibility {unknown}
 E - a potion of berserk rage {unknown}


   Skills:
 - Level 3.5 Fighting
 - Level 6.7 Dodging
 - Level 7.9 Stealth
 - Level 8.8 Spellcasting
 - Level 6.0 Conjurations
 + Level 7.0 Hexes
 - Level 6.5 Translocations
 + Level 5.0 Transmutations
 - Level 4.4 Invocations
 - Level 4.6 Evocations


You had 5 spell levels left.
You knew the following spells:

 Your Spells              Type           Power      Damage    Failure   Level
a - Magic Dart            Conj           100%       1d8       1%          1
b - Searing Ray           Conj           94%        2d7       1%          2
c - Fulminant Prism       Conj/Hex       25%        3d14      2%          4
d - Iskenderun's Mystic   Conj/Tloc      49%        2d11      3%          4
e - Summon Guardian Gole  Hex/Summ       33%        N/A       3%          3
f - Passwall              Tmut/Erth      22%        N/A       2%          2
g - Yara's Violent Unrav  Hex/Tmut       24%        3d11      10%         5

Your spell library contained the following spells:

 Spells                   Type           Power      Damage    Failure   Level
 Kiss of Death            Conj/Necr      100%       2d13      1%          1
 Ensorcelled Hibernation  Hex/Ice        66%        N/A       1%          2
 Static Discharge         Conj/Air       60%        2-5/arc   1%          2
 Confusing Touch          Hex            52%        N/A       1%          3
 Dazzling Flash           Conj/Hex       100%       N/A       1%          3
 Tukima's Dance           Hex            52%        N/A       1%          3
 Passage of Golubria      Tloc           50%        N/A       2%          4
 Swiftness                Air            12%        N/A       13%         3
 Blade Hands              Tmut           21%        N/A       14%         5
 Petrify                  Tmut/Erth      27%        N/A       16%         4
 Metabolic Englaciation   Hex/Ice        16%        N/A       26%         5
 Airstrike                Air            6%         2d(1-17)  38%         4
 Animate Armour           Summ/Erth      24%        N/A       38%         4
 Dispel Undead            Necr           12%        3d9       38%         4
 Summon Lightning Spire   Summ/Air       12%        N/A       38%         4
 Iron Shot                Conj/Erth      15%        9d4       88%         6
 Statue Form              Tmut/Erth      18%        N/A       93%         6
 Orb of Destruction       Conj           23%        9d8       97%         7
 Spellforged Servitor     Conj/Summ      15%        N/A       100%        7
 Borgnjor's Revivificati  Necr           6%         N/A       100%        8
 Necromutation            Tmut/Necr      13%        N/A       100%        8
 Death's Door             Necr           6%         N/A       100%        9


Dungeon Overview and Level Annotations

Branches:
Dungeon (9/15)             Temple (1/1) D:5
   Lair: D:8-11         Orc: D:9-12

Altars:
Ashenzari
Cheibriados
Dithmenos
Elyvilon
Fedhas
Gozag
Hepliaklqana
Kikubaaqudgha
Makhleb
Nemelex Xobeh
Okawaru
Qazlal
Ru
Sif Muna
Trog
Uskayaw
Vehumet
Wu Jian
Xom
Yredelemnul
Zin
The Shining One

Shops:
D:2 :   D:6 *   D:9 [

Portals:
Abyss: D:8

Annotations:
D:7 1 runed translucent door, Warped's ghost, novice VSFi
D:8 2 transporters, Twinkles's ghost, novice AtMo


Innate Abilities, Weirdness & Mutations

You are very small and have problems with some larger weapons.
You are too small for most types of armour.
You have supernaturally acute eyesight. (SInv)
You cover ground extremely quickly. (Speed+++)


Message History

A centaur warrior is nearby!
You regained 3 mp, and now have 7/23 mp.
Casting: Searing Ray (safe; 1% risk of failure)
Confirm with . or Enter, or press ? or * to list all spells.
Okay, then.
Casting: Searing Ray (safe; 1% risk of failure)
Confirm with . or Enter, or press ? or * to list all spells.
Aiming: Fulminant Prism (dangerous; 2% risk of failure)
Press: ? - help, Dir - move target You conjure a prism of explosive energy!
A fulminant prism comes into view.
The centaur warrior shoots an arrow.
The arrow hits your fulminant prism!
Your fulminant prism detonates feebly.
The centaur warrior shoots an arrow.
The arrow misses you.
You now have 3/23 mp.
Casting: Fulminant Prism (dangerous; 2% risk of failure)
Confirm with . or Enter, or press ? or * to list all spells.
You don't have enough magic to cast this spell.
Things that are here:
a +0 short sword of venom; a +0 chain mail You see here a +0 trident.
The centaur warrior shoots an arrow.
The arrow misses you.
There is a stone staircase leading up here.
Aiming: Mindburst
Press: ? - help, Shift-Dir - straight line, f - centaur warrior
Aim: a centaur warrior, wielding a +0 longbow (chance to affect: 67%)
The centaur warrior's mind is blasted!!
The centaur warrior shoots an arrow.
The arrow hits you!
The centaur warrior shoots an arrow.
The arrow hits you!!
You take 31 damage, and have 18/49 hp.
MASSIVE DAMAGE!!
Aiming: Mindburst
Press: ? - help, Shift-Dir - straight line, f/p - centaur warrior
Aim: a centaur warrior, wielding a +0 longbow (heavily wounded, chance to affect: 67%)
The centaur warrior struggles to resist.
Aiming: Mindburst
Press: ? - help, Shift-Dir - straight line, f/p - centaur warrior
Aim: a centaur warrior, wielding a +0 longbow (heavily wounded, chance to affect: 67%)
The centaur warrior struggles to resist.
The centaur warrior shoots an arrow.
The arrow hits you!!
Ouch! That really hurt!
You die...

#.##.# ###### ###.##.# .....#
#....#.# ####.#
#.####.######## ##
#.##############........##.#..
.#
#.............##..###.#.##.#..
.#
#.........###.##..#...#.##.#..
.#
#.............................
.#
#.###..##.#.#@....#...#.###.#.
.#
#.###..##.#.#)###.#..##.#..∩..
.#
#.##..###....).)..#...#.#.#.#.
.###.....#
###...#########......#
.##.....#######..# ####.#.#
##..##........c..## #.#..
##.###.#######....### #.###
.....#.##..c....#...# #.#
####.#.##.####.##.#.# #.###


You could see a centaur warrior.

Vanquished Creatures
  A two-headed ogre (D:6)
  A boulder beetle (D:9)
  Maggie (D:6)
  An unseen horror (D:7)
  Grinder (D:6)
  Sigmund (D:5)
  A vampire (D:9)
  3 yaks (D:8)
  Eustachio (D:6)
  3 steam dragons
  A warg (D:9)
  3 water moccasins
  Duvessa (D:7)
  2 ice beasts (D:6)
  3 orc warriors
  2 sky beasts
  3 centaurs
  A kobold brigand (D:9)
  Blork the orc (D:4)
  A gnoll sergeant (D:7)
  7 wights (D:9)
  10 killer bees
  Dowan (D:7)
  Ijyb (D:4)
  2 iguanas (D:5)
  Natasha (thrice) (D:4)
  6 orc wizards
  A mummy (D:8)
  Robin (D:3)
  5 gnolls (D:7)
  9 adders
  A shadow imp (D:7)
  3 white imps
  An ufetubus (D:4)
  A worm (D:3)
  3 dart slugs
  21 orcs
  8 bats
  8 endoplasms
  4 giant cockroaches
  17 goblins
  7 hobgoblins
  4 jackals (D:3)
  8 kobolds
  2 quokkas
  5 ball pythons
  2 frilled lizards (D:1)
  3 hobgoblin zombies (D:8)
  An orc zombie (D:8)
  3 rats
180 creatures vanquished.

Vanquished Creatures (others)
  A cyclops (D:9)
  80 fulminant prisms
  A fungus (D:4)
82 creatures vanquished.

Grand Total: 262 creatures vanquished

Notes
Turn   | Place    | Note
-------+----------+-------------------------------------------
     0 | D:1      | jasper the Spriggan Conjurer began the quest for the Orb.
     0 | D:1      | Reached XP level 1. HP: 9/9 MP: 5/5
     1 | D:1      | Noticed an electric eel
   325 | D:1      | Reached XP level 2. HP: 13/13 MP: 4/6
   328 | D:1      | Learned a level 2 spell: Searing Ray
  1093 | D:2      | Found Kaloen's Book Boutique.
  1177 | D:2      | Reached XP level 3. HP: 16/16 MP: 2/8
  1789 | D:2      | Reached XP level 4. HP: 16/21 MP: 3/9
  1793 | D:2      | Learned a level 3 spell: Confusing Touch
  2131 | D:3      | Noticed Robin
  2131 | D:3      | Found a basalt altar of Yredelemnul.
  2190 | D:3      | Reached skill level 1 in Hexes
  2344 | D:3      | Found a faded altar of an unknown god.
  2348 | D:3      | Found a glowing golden altar of the Shining One.
  2483 | D:3      | Reached XP level 5. HP: 23/24 MP: 4/10
  2730 | D:4      | Noticed Natasha
  2745 | D:4      | Killed Natasha
  2845 | D:4      | Noticed Ijyb
  2916 | D:4      | Learned a level 4 spell: Fulminant Prism
  3033 | D:4      | Noticed Blork the orc
  3040 | D:4      | Killed Blork the orc
  3041 | D:4      | Reached skill level 3 in Spellcasting
  3041 | D:4      | Reached XP level 6. HP: 28/28 MP: 2/11
  3046 | D:4      | Learned a level 4 spell: Iskenderun's Mystic Blast
  3256 | D:5      | Entered Level 5 of the Dungeon
  3298 | D:5      | Found a radiant altar of Vehumet.
  3422 | D:5      | Found a staircase to the Ecumenical Temple.
  3448 | Temple   | Entered the Ecumenical Temple
  3614 | D:5      | Found a shimmering blue altar of Sif Muna.
  3673 | D:5      | Became a worshipper of Sif Muna the Loreminder
  3753 | D:5      | Noticed Sigmund
  3764 | D:5      | Killed Sigmund
  3765 | D:5      | Reached skill level 5 in Conjurations
  3776 | D:5      | Reached skill level 4 in Spellcasting
  4054 | D:5      | Found a hazy altar of Hepliaklqana.
  4265 | D:6      | Noticed Grinder
  4275 | D:6      | Reached XP level 7. HP: 32/32 MP: 3/14
  4276 | D:6      | Killed Grinder
  4277 | D:6      | Reached skill level 5 in Hexes
  4416 | D:6      | Learned a level 3 spell: Summon Guardian Golem
  4416 | D:6      | Noticed Eustachio
  4429 | D:6      | Killed Eustachio
  4430 | D:6      | Reached skill level 5 in Spellcasting
  4575 | D:6      | Noticed a two-headed ogre
  4633 | D:6      | Killed a two-headed ogre
  4634 | D:6      | Reached skill level 6 in Spellcasting
  4634 | D:6      | Reached XP level 8. HP: 36/36 MP: 1/19
  4748 | D:6      | Learned a level 2 spell: Passwall
  4935 | D:6      | Noticed Maggie
  4959 | D:6      | Killed Maggie
  4960 | D:6      | Reached skill level 1 in Fighting
  4960 | D:6      | Reached skill level 7 in Spellcasting
  4960 | D:6      | Reached skill level 1 in Invocations
  5184 | D:6      | Found Gaho's General Store.
  5190 | D:6      | Bought a potion of curing for 36 gold pieces
  5190 | D:6      | Bought a scroll of butterflies for 48 gold pieces
  5190 | D:6      | Bought a potion of mutation for 96 gold pieces
  5190 | D:6      | Bought a scroll of immolation for 48 gold pieces
  5359 | D:7      | Reached XP level 9. HP: 41/41 MP: 5/20
  5732 | D:7      | Reached skill level 5 in Stealth
  5791 | D:7      | Noticed an unseen horror
  5813 | D:7      | Noticed Duvessa
  5847 | D:7      | Noticed Dowan
  6042 | D:4      | Noticed Natasha
  6049 | D:4      | Killed Natasha
  6050 | D:4      | Noticed Natasha
  6054 | D:4      | Killed Natasha
  6132 | D:3      | Reached * piety under Sif Muna
  6173 | D:3      | Killed Robin
  6685 | D:4      | Killed Ijyb
  6823 | D:7      | Killed Duvessa
  6824 | D:7      | Reached skill level 1 in Evocations
  6832 | D:7      | Killed Dowan
  7050 | D:7      | Killed an unseen horror
  7051 | D:7      | Reached skill level 5 in Dodging
  7066 | D:7      | Reached skill level 8 in Spellcasting
  7228 | D:7      | Found a broken altar of Ashenzari.
  7310 | D:7      | Found a runed translucent door.
  7311 | D:7      | Noticed Warped's ghost (novice VSFi)
  7352 | D:8      | Found a transporter.
  7883 | D:8      | Reached ** piety under Sif Muna
  8095 | D:8      | Found a burning altar of Makhleb.
  8197 | D:8      | Reached XP level 10. HP: 49/49 MP: 11/23
  8347 | D:8      | Found a one-way gate to the infinite horrors of the Abyss.
  8347 | D:8      | Noticed Twinkles's ghost (novice AtMo)
  8387 | D:8      | Found a transporter.
  9215 | D:9      | Learned a level 5 spell: Yara's Violent Unravelling
  9261 | D:9      | Reached skill level 1 in Transmutations
  9460 | D:9      | Reached *** piety under Sif Muna
  9533 | D:9      | Found Jojiladgh's Antique Armour Emporium.
  9537 | D:9      | Bought a heavy robe for 159 gold pieces
  9537 | D:9      | Identified the +0 robe of Privacy {Str+5} (You bought it in
                  | a shop on level 9 of the Dungeon)
  9727 | D:9      | Noticed a cyclops
  9728 | D:9      | Noticed a boulder beetle
  9738 | D:9      | Noticed a centaur warrior
  9739 | D:9      | Killed a cyclops
  9788 | D:9      | Killed a boulder beetle
  9789 | D:9      | Reached skill level 5 in Transmutations
  9814 | D:9      | Shot with an arrow by a centaur warrior

Illustrated notes

Levels and vault maps discovered:
D:1:      arrival_aquarium_a, layout_basic, chequers_serial_rivers_marsh
D:2:      layout_loops_cross, serial_shops, nicolae_shop_tiny_statue_garden,
          chequers_garden, minmay_fractal_squares_5
D:3:      layout_basic, nicolae_overflow_ecumenical_swirl,
          mainiacjoe_overflow_small_starburst, uniq_robin
D:4:      layout_rooms, dreamdust_mushroom_princess, uniq_ijyb,
          uniq_blork_the_orc, uniq_natasha
D:5:      layout_rooms, worldfamousw_hep_ancestral_shrine,
          general_overflow_altar, kennysheep_mini, minmay_temple_entry_slanted,
          uniq_sigmund
D:6:      layout_basic, serial_shops, kennysheep_little_box,
          chequers_serial_rivers_micro_b, uniq_maggie, uniq_eustachio,
          uniq_grinder
D:7:      layout_rooms, old_standard_altar, gammafunk_ghost_grave,
          hex_intersection, uniq_duvessa
D:8:      layout_basic, old_standard_altar, gammafunk_ghost_abyssal_escape,
          minmay_mini_ossuary
D:9:      minmay_sliced_demisemicircle, layout_basic, david_orc_3, serial_shops,
          nicolae_shop_crystal
Temple:   regret_index_temple_waves

Skill      XL: |  1  2  3  4  5  6  7  8  9 10 |
---------------+-------------------------------+-----
Conjurations   | 3 4 5 6 |  6.0
Hexes          | 2 3 4 5 7 |  7.0
Spellcasting   | 3 4 6 7 8 |  8.8
Translocations | 6 |  6.5
Dodging        | 3 6 |  6.7
Fighting       | 1 3 |  3.5
Stealth        | 4 7 |  7.9
Invocations    | 1 3 4 |  4.4
Evocations     | 3 4 |  4.6
Transmutations | 5 |  5.0

Action                     |  1- 3 |  4- 6 |  7- 9 | 10-12 || total
---------------------------+-------+-------+-------+-------++-------
  Melee: Flail             |       |     4 |    38 |     7 ||    49
         Punch             |       |       |       |     1 ||     1
  Throw: Dart              |     2 |       |       |       ||     2
   Cast: Magic Dart        |    68 |    52 |    56 |    15 ||   191
         Searing Ray       |     4 |    12 |     8 |    10 ||    34
         Confusing Touch   |       |     1 |       |       ||     1
         Fulminant Prism   |       |     6 |    61 |    13 ||    80
         Iskenderun's Myst |       |       |     4 |     8 ||    12
         Summon Guardian G |       |       |       |     5 ||     5
  Evoke: Wand              |       |       |     5 |    16 ||    21
    Use: Scroll            |     2 |     8 |     5 |       ||    15
         Potion            |       |     7 |     1 |     1 ||     9
   Stab: Sleeping          |       |     1 |       |       ||     1
 Armour: Robe              |     1 |     2 |       |       ||     3
         Skin              |       |       |     2 |       ||     2
         Steam dragon scal |       |       |    14 |     2 ||    16
  Dodge: Dodged            |     7 |    14 |    68 |    42 ||   131

Table legend: (Time is in decaauts)
 A = Elapsed time spent in this place.
 B = Non-inter-level travel time spent in this place.
 C = Inter-level travel time spent in this place.
 D = Time resting spent in this place.
 E = Time spent auto-exploring this place.
 F = Levels seen in this place.
 G = Mean time per level.
                   A        B        C        D        E       F      G
               +--------+--------+--------+--------+--------+-----+--------+
         Total |   7765 |   7454 |    311 |    393 |   5905 |  10 |  776.5 |
       Dungeon |   7687 |   7378 |    309 |    393 |   5837 |   9 |  854.1 |
        Temple |     78 |     77 |      1 |      0 |     67 |   1 |   78.0 |
               +--------+--------+--------+--------+--------+-----+--------+

Top non-repeatable levels by time:
     D:8: 1145 daAuts
     D:6: 994 daAuts
     D:2: 905 daAuts
     D:7: 873 daAuts
     D:9: 868 daAuts
     D:1: 811 daAuts
     D:3: 785 daAuts
     D:5: 686 daAuts
     D:4: 617 daAuts
  Temple: 78 daAuts
